 Dungeon Crawl Stone Soup version 0.25.1-2-g60ff931df9 (webtiles) character file.

Game seed: 808917219148779994

482 hawla the Chopper (level 6, -10/56 HPs)
             Began as a Minotaur Berserker on Oct 8, 2020.
             Was a Believer of Trog.
             Mangled by an ogre
             ... wielding a +0 giant club
              (17 damage)
             ... on level 4 of the Dungeon.
             The game lasted 00:06:14 (3475 turns).

hawla the Chopper (Minotaur Berserker)              Turns: 3475, Time: 00:06:15

Health: -10/56     AC:  7    Str: 24    XL:     6   Next: 87%
Magic:  5/5        EV: 12    Int:  4    God:    Trog [**....]
Gold:   211        SH:  0    Dex:  9    Spells: 5/5 levels left

rFire    . . .     SeeInvis .   a - +2 quarterstaff (chaos)
rCold    . . .     Gourm    .   (shield currently unavailable)
rNeg     . . .     Faith    .   l - +0 ring mail
rPois    .         Spirit   .   (helmet restricted)
rElec    .         Reflect  .   k - +1 cloak (curse)
rCorr    .         Harm     .   (no gloves)
MR       .....                  (no boots)
Stlth    ..........             (no amulet)
HPRegen  0.18/turn              (no ring)
MPRegen  0.09/turn              (no ring)

@: stab
A: retaliatory headbutt, horns 2
a: Berserk, Trog's Hand, Renounce Religion


You were on level 4 of the Dungeon.
You worshipped Trog.
Trog was pleased with you.
You were not hungry.

You visited 1 branch of the dungeon, and saw 6 of its levels.

You collected 211 gold pieces.

Inventory:

Hand Weapons
 a - a +2 quarterstaff of chaos (weapon)
 p - a +0 war axe
Missiles
 d - 9 javelins (quivered)
 q - 7 boomerangs
Armour
 i - a +0 chain mail
 k - a cursed +1 cloak (worn)
 l - a +0 ring mail (worn)
 o - a cursed +0 plate armour
Jewellery
 r - a cursed ring of attention {unknown}
Scrolls
 b - a scroll of blinking
 f - a scroll of enchant armour
 h - 4 scrolls of identify
 j - 2 scrolls of fog {unknown}
 n - a scroll of remove curse {unknown}
 s - a scroll of teleportation {unknown}
 u - a scroll of random uselessness {unknown}
Potions
 e - 3 potions of curing
 m - a potion of might {unknown}
 t - a potion of degeneration {unknown}
 v - a potion of lignification {unknown}
Comestibles
 c - 5 rations


   Skills:
 + Level 5.2 Fighting
 + Level 6.6 Axes
 + Level 0.7 Throwing
 + Level 3.6 Armour
 * Level 4.5 Dodging


You had 5 spell levels left.
You didn't know any spells.
Your spell library was empty.

Dungeon Overview and Level Annotations

Branches:
Dungeon (6/15)             Temple (0/1) D:4

Altars:
Cheibriados
Dithmenos
Nemelex Xobeh
Qazlal
Trog
The Shining One


Innate Abilities, Weirdness & Mutations

You reflexively headbutt those who attack you in melee.
You have a pair of horns on your head.


Message History

Your headbutt misses the ogre. The ogre hits you with a +0 giant club.
You barely miss the ogre. You headbutt the ogre!
The ogre is heavily wounded.
The ogre hits you with a +0 giant club!!
The ogre hits you with a +0 giant club!
* * * LOW HITPOINT WARNING * * *
You are too injured to fight recklessly!
You are too injured to fight recklessly!
You are too injured to fight recklessly!
You feel better. The ogre barely misses you. You furiously retaliate!
You headbutt the ogre.
Your ring mail prevents you from hitting the ogre.
The ogre is severely wounded.
The ogre barely misses you. The ogre closely misses you.
It was a potion of stabbing.
You feel ready to backstab. The ogre hits you with a +0 giant club!
* * * LOW HITPOINT WARNING * * *
You feel better. The ogre hits you with a +0 giant club!
You die...

#.....#.# ###..####.#
..........# ###
###.##...### ...
#.####...### #.## #.#
###...## ###...
###.#####.....# #...
........#.....###.#
....###.#.......@O#
......# #.....#.#(.....>.
......#.#.....#..##......
......#.#########.#..⌠...
......#..... ........
..<...##### #...... . .
###.### #.##.##.## ! #.#
.##...... #. #.#
.....#.##..


You could see an ogre (fast).

Vanquished Creatures
  A sky beast (D:5)
  A phantom (D:5)
  An ogre (D:5)
  A crimson imp (D:4)
  Crazy Yiuf (D:2)
  An iguana (D:4)
  A worker ant (D:4)
  3 adders (D:2)
  2 oozes
  6 worms
  A dart slug (D:2)
  A leopard gecko (D:1)
  7 orcs
  A giant cockroach (D:3)
  5 goblins
  9 hobgoblins
  A quokka (D:2)
  2 ball pythons (D:2)
  6 bats
  5 frilled lizards
  A jackal skeleton (D:4)
  4 kobolds
  4 rats
65 creatures vanquished.

Notes
Turn   | Place    | Note
-------+----------+-------------------------------------------
     0 | D:1      | hawla the Minotaur Berserker began the quest for the Orb.
     0 | D:1      | Reached XP level 1. HP: 19/19 MP: 0/0
   196 | D:1      | Reached XP level 2. HP: 25/27 MP: 1/1
   607 | D:2      | Reached ** piety under Trog
   607 | D:2      | Reached skill level 4 in Axes
   665 | D:2      | Reached XP level 3. HP: 24/33 MP: 2/2
   910 | D:2      | Found a bloodstained altar of Trog.
   983 | D:2      | Reached XP level 4. HP: 35/41 MP: 3/3
  1175 | D:2      | Found a sparkling altar of Nemelex Xobeh.
  1491 | D:2      | Found a runed translucent door.
  1492 | D:2      | Noticed Crazy Yiuf
  1596 | D:2      | Found a snail-covered altar of Cheibriados.
  1602 | D:2      | Found a glowing golden altar of the Shining One.
  2085 | D:3      | Found a stormy altar of Qazlal.
  2210 | D:3      | You fall into a shaft and drop 3 floors!
  2249 | D:5      | Entered Level 5 of the Dungeon
  2267 | D:5      | Noticed an ogre
  2274 | D:5      | Killed an ogre
  2274 | D:5      | Reached skill level 5 in Axes
  2274 | D:5      | Reached XP level 5. HP: 30/47 MP: 4/4
  2403 | D:5      | Noticed a phantom
  2413 | D:5      | Killed a phantom
  2413 | D:5      | Reached skill level 5 in Fighting
  2413 | D:5      | Reached XP level 6. HP: 46/56 MP: 5/5
  2466 | D:5      | Noticed a sky beast
  2486 | D:5      | Killed a sky beast
  2486 | D:5      | Reached skill level 6 in Axes
  2711 | D:5      | Found a shadowy altar of Dithmenos.
  3338 | D:2      | Killed Crazy Yiuf
  3466 | D:4      | Found a staircase to the Ecumenical Temple.
  3474 | D:4      | HP: 2/56 [ogre/+0 giant club (11)]
  3475 | D:4      | Mangled by an ogre

Illustrated notes

Levels and vault maps discovered:
D:1:      dpeg_arrival_long_road, layout_rooms, serial_bayou_ford_a,
          moated_statue
D:2:      layout_loops_ring, lemuel_crystal_altar,
          amethyst_overflow_temple_binary, first_ration,
          nemelex_dance_club_becter, uniq_crazy_yiuf_cottage
D:3:      layout_loops_cross, grunt_qazlal_clouds
D:4:      layout_rooms, minmay_temple_entry_large_hall, serial_shops,
          nicolae_shop_overgrown_old_shop, serial_co_window_serial,
          co_window_cross_1, co_window_paths_b, co_window_paths_b,
          co_window_paths_b, co_window_of_opportunity_a, co_window_corner_a,
          co_window_paths_b, co_window_broadway_c, co_window_broadway_c,
          co_window_corner_b, co_window_broadway_b, co_window_paths_e,
          glass_columns_b, glass_columns_a, glass_columns_a, glass_columns_c,
          glass_columns_a
D:5:      layout_loops_ring, kennysheep_mini, old_standard_altar,
          nicolae_dithmenos_through_a_glass_darkly, marbit_many_paths,
          basic_altar, uniq_prince_ribbit1
D:6:      layout_loops_corners, serial_shops, shop

Skill      XL: |  1  2  3  4  5  6 |
---------------+-------------------+-----
Fighting       | 4 5 |  5.2
Axes           | 4 5 6 |  6.6
Dodging        | 3 4 |  4.5
Armour         | 3 |  3.6
Throwing       | |  0.7

Action                   |  1- 3 |  4- 6 || total
-------------------------+-------+-------++-------
Melee: Hand axe          |    67 |   105 ||   172
       Headbutt          |     9 |    31 ||    40
       Quarterstaff      |       |     4 ||     4
       War axe           |       |     2 ||     2
Throw: Dart              |       |    13 ||    13
       Javelin           |       |     1 ||     1
  Use: Scroll            |     3 |     2 ||     5
       Potion            |       |     3 ||     3
  Eat: Chunk             |       |     7 ||     7
       Ration            |       |     1 ||     1
Armor: Animal skin       |     7 |       ||     7
       Leather armour    |     6 |     3 ||     9
       Ring mail         |       |    21 ||    21
Dodge: Dodged            |    38 |    54 ||    92
